 Dungeon Crawl Stone Soup version 0.27.1-16-g815e20cd7a (webtiles) character file.

Game seed: 12377320384447277421

228 zeram the Sneak (level 5, -2/38 HPs)
             Began as a Demonspawn Brigand on Nov 21, 2021.
             Slain by a river rat (7 damage)
             ... in a sewer.
             The game lasted 00:07:02 (4111 turns).

zeram the Sneak (Demonspawn Brigand)                Turns: 4111, Time: 00:07:03

Health: -2/38      AC:  3    Str: 12    XL:     5   Next: 71%
Magic:  5/5        EV: 11    Int: 13    God:
Gold:   41         SH:  9    Dex: 14    Spells: 4/4 levels left

rFire    . . .     SeeInvis .   a - +2 dagger
rCold    . . .     Faith    .   (no shield)
rNeg     . . .     Spirit   .   b - +0 robe
rPois    .         Reflect  +   (no helmet)
rElec    .         Harm     .   c - +0 cloak
rCorr    .         Rampage  .   (no gloves)
Will     .....                  (no boots)
Stlth    +++.......             k - amulet of reflection
HPRegen  0.12/turn              (no ring)
MPRegen  0.09/turn              (no ring)

@: no status effects
A: condensation shield
a: no special abilities


You were in a sewer.
You visited 1 branch of the dungeon, and saw 3 of its levels.
You also visited: Sewer.

You collected 41 gold pieces.

Inventory:

Hand Weapons
 a - a +2 dagger (weapon)
Missiles
 d - 6 poisoned darts (quivered)
 e - 2 curare-tipped darts
Armour
 b - a +0 robe (worn)
 c - a +0 cloak (worn)
Jewellery
 k - an amulet of reflection (around neck)
Scrolls
 h - a scroll of fog
Potions
 j - a potion of brilliance


   Skills:
 - Level 2.0 Fighting
 - Level 1.7 Short Blades
 - Level 1.7 Throwing
 - Level 0.8 Dodging
 + Level 6.5 Stealth
 + Level 1.5 Shields


You had 4 spell levels left.
You didn't know any spells.
Your spell library was empty.

Dungeon Overview and Level Annotations

Branches:
Dungeon (3/15)              Sewer (1/1)

Altars:


Innate Abilities, Weirdness & Mutations

A meltable shield of frost defends you. (SH +4)


Message History

You closely miss the river rat.
The river rat is lightly wounded.
The river rat closely misses you.
You closely miss the river rat.
The river rat is lightly wounded.
The river rat bites you but does no damage.
You hit the river rat.
The river rat is moderately wounded.
You block the river rat's attack.
You hit the river rat.
The river rat is moderately wounded.
The river rat closely misses you.
You hit the river rat but do no damage.
The river rat is moderately wounded.
The river rat bites you but does no damage.
You hit the river rat.
The river rat is severely wounded.
The river rat closely misses you.
You closely miss the river rat.
The river rat is severely wounded.
The river rat closely misses you.
You closely miss the river rat.
The river rat is severely wounded.
The river rat bites you but does no damage.
You hit the river rat but do no damage.
The river rat is severely wounded.
The river rat barely misses you.
You hit the river rat.
The river rat is almost dead.
Throw: 7 darts (poison)
Press: ? - help, Q - select action, (/) - cycle Shift-Dir - straight line, f - river rat
Aim: a river rat (almost dead, 55% to hit)
You throw a poisoned dart. The poisoned dart hits the river rat.
The river rat is poisoned.
The river rat is almost dead.
The river rat barely misses you.
You hit the river rat but do no damage.
The river rat is almost dead.
The river rat bites you!
You die...

#∩###.....≈≈≈≈.....
#÷###.....≈≈≈≈.....#
#.(#......≈≈≈≈.....#
##........≈≈≈≈.....#
##.(÷....≈≈≈≈.....#
##.....≈≈≈≈≈.....
##....≈≈≈≈≈≈....
#..((r≈≈≈≈≈≈≈..
##....@≈≈≈≈≈≈≈.#
#..#...≈≈≈≈≈≈≈.#
#.###..≈≈≈≈≈≈≈..
#∩###..≈≈≈≈≈≈≈..
####...≈≈≈≈≈≈≈..
##...≈≈≈≈≈≈#..
#....≈≈≈≈≈≈#
##....≈≈≈≈≈≈≈
#..÷.≈≈≈≈≈≈≈≈


You could see a river rat (poisoned).

Vanquished Creatures
  A scorpion (D:2)
  2 adders
  7 river rats (Sewer)
  A worm (D:2)
  2 dart slugs
  3 ball pythons
  6 bats
  8 endoplasms
  3 giant cockroaches
  8 goblins
  7 hobgoblins
  4 quokkas
  7 frilled lizards
  10 kobolds
  14 rats
83 creatures vanquished.

Notes
Turn   | Place    | Note
-------+----------+-------------------------------------------
     0 | D:1      | zeram the Demonspawn Brigand began the quest for the Orb.
     0 | D:1      | Reached XP level 1. HP: 16/16 MP: 1/1
    58 | D:1      | Noticed a great orb of eyes
   182 | D:1      | Found a faded altar of an unknown god.
   184 | D:1      | Noticed a floating eye
   190 | D:1      | Noticed a great orb of eyes
   196 | D:1      | Reached skill level 4 in Stealth
   251 | D:1      | Gained mutation: A meltable shield of frost defends you.
                  | (SH +4) [demonic ancestry]
   251 | D:1      | Reached XP level 2. HP: 3/22 MP: 2/2
   868 | D:1      | Reached XP level 3. HP: 26/27 MP: 3/3
  1064 | D:1      | Noticed a great orb of eyes
  1858 | D:2      | Reached skill level 5 in Stealth
  2396 | D:2      | Reached XP level 4. HP: 33/33 MP: 4/4
  2599 | D:2      | Noticed a scorpion
  2606 | D:2      | Killed a scorpion
  2607 | D:2      | Reached skill level 6 in Stealth
  2832 | D:3      | Reached XP level 5. HP: 38/38 MP: 5/5
  2845 | D:3      | Found a glowing drain.
  2854 | Sewer    | Entered a sewer
  3554 | Sewer    | Reached skill level 1 in Shields
  3577 | Sewer    | Identified the +5 ring mail of Honeh Vyfa {Harm rElec rF+
                  | Int-4}
  4111 | Sewer    | Slain by a river rat

Illustrated notes

Levels and vault maps discovered:
D:1:      dpeg_arrival_signposts, layout_basic,
          hellmonk_ecumenical_altar_watching_god, kennysheep_nondescript
D:2:      layout_loops_corners, minmay_crystal_room
D:3:      layout_basic, nicolae_hepliaklqana_hazy_memory, gup_sewer_entry_pipe,
          minmay_snake_closets
Sewer:    sewer_minmay_treatment

Skill      XL: |  1  2  3  4  5 |
---------------+----------------+-----
Stealth        | 4 5 6 |  6.5
Shields        | 1 |  1.5
Fighting       | |  2.0
Short Blades   | |  1.7
Throwing       | |  1.7
Dodging        | |  0.8

Action                   |  1- 3 |  4- 6 || total
-------------------------+-------+-------++-------
Melee: Dagger            |   140 |   148 ||   288
Throw: Dart              |       |    15 ||    15
  Use: Scroll            |     4 |       ||     4
       Potion            |       |     6 ||     6
 Stab: Sleeping          |     9 |     6 ||    15
       Distracted        |     1 |       ||     1
Armor: Robe              |    22 |    19 ||    41
Dodge: Dodged            |    52 |    68 ||   120
Block: Other             |    17 |    70 ||    87
       Reflection        |       |     1 ||     1
